 Dungeon Crawl Stone Soup version 0.31.0-7-gf635a9b802 (webtiles) character file.

Game seed: 16236300515298784293

2472 cdecastro the Grappler (level 9, -3/64 HPs)
             Began as a Yellow Draconian Shapeshifter on Jan 23, 2024.
             Was a Priest of Cheibriados.
             Slain by a gnoll
             ... wielding a +0 spear
             ... led by a gnoll sergeant
              (4 damage)
             ... on level 7 of the Dungeon on Jan 24, 2024.
             The game lasted 00:13:21 (5609 turns).

cdecastro the Grappler (DrSh)                       Turns: 5609, Time: 00:13:21

Health: -3/64      AC:  7    Str: 25    XL:     9   Next: 26%
Magic:  9/9        EV: 17    Int: 17    God:    Cheibriados [***...]
Gold:   239        SH:  0    Dex: 30    Spells: 8/8 levels left

rFire   + .          .
                       - Unarmed
rCold   x . .        (shield currently unavailable)
rNeg    . . .        (body armour unavailable)
rPois   .            (helmet restricted)
rElec   .            (no cloak)
rCorr   +            (no gloves)
SInv    .            (no boots)
Will    .....        (no amulet)
Stlth   ++           A - +6 ring of dexterity
HPRegen 0.30/turn    B - ring of Dimohiar {Fire Dex+3 Stlth+}
MPRegen 0.11/turn

%: no passive effects
@: short of breath, flux-form, glowing, very slow
A: glow, contaminating, spit acid, AC +7, unfitting armour, cold-blooded, acid
resistance
a: Breathe Acid, Begin Untransformation, Renounce Religion, Bend Time, Temporal
Distortion


You were on level 7 of the Dungeon.
You worshipped Cheibriados.
Cheibriados was most pleased with you.
You were something dangerously unstable.
You visited 1 branch of the dungeon, and saw 9 of its levels.

You collected 239 gold pieces.

Inventory:

Missiles
 i - 2 atropa-tipped darts (quivered)
 r - 10 boomerangs
 s - 10 silver javelins
Armour
 y - a +0 pair of boots
Jewellery
 A - a +6 ring of dexterity (left hand)
 B - the ring of Dimohiar (right hand) {Fire Dex+3 Stlth+}
   (You found it on level 6 of the Dungeon)

   [ring of fire]

   Fire:      It enhances your fire magic.
   Dex+3:     It affects your dexterity (+3).
   rF+:       It protects you from fire.
   rC-:       It makes you vulnerable to cold.
   Stlth+:    It makes you more stealthy.
Talismans
 b - a beast talisman
 c - a flux talisman (active)
 z - a serpent talisman
Wands
 j - a wand of digging (5)
Scrolls
 a - a scroll of enchant armour {unknown}
 e - a scroll of revelation {unknown}
 g - 2 scrolls of amnesia {unknown}
 l - 2 scrolls of fear {unknown}
 n - 7 scrolls of identify {unknown}
 o - a scroll of noise {unknown}
 p - 2 scrolls of teleportation {unknown}
 q - 2 scrolls of vulnerability {unknown}
 w - 2 scrolls of poison {unknown}
 x - a scroll of butterflies {unknown}
Potions
 d - 4 potions of curing {unknown}
 f - a potion of enlightenment {unknown}
 h - 2 potions of heal wounds {unknown}
 k - 3 potions of haste {unknown}
 m - 2 potions of attraction {unknown}
 t - 2 potions of mutation {unknown}
 u - a potion of magic {unknown}
 v - 2 potions of invisibility {unknown}
 D - a potion of might {unknown}


   Skills:
 - Level 1.1 Fighting
 - Level 1.7 Dodging
 * Level 10.7 Unarmed Combat
 + Level 7.3 Shapeshifting


You had 8 spell levels left.
You didn't know any spells.
Your spell library contained the following spells:

 Spells                   Type           Power      Damage    Failure   Level
 Freeze                   Ice            0%         1d3       24%         1
 Magic Dart               Conj           0%         1d3       24%         1
 Blink                    Tloc           0%         N/A       34%         2
 Call Imp                 Summ           0%         N/A       34%         2
 Frozen Ramparts          Ice            0%         1d1       56%         3
 Hailstorm                Conj/Ice       0%         3d5       56%         3


Dungeon Overview and Level Annotations

Branches:
Dungeon (9/15)             Temple (0/1) D:4
   Lair: D:8-11         Orc: D:9-12

Altars:
Cheibriados
Gozag
Trog
Zin

Shops:
D:1 [   D:5 (


Innate Abilities, Weirdness & Mutations

You are something dangerously unstable.
You glow with magical radiation, making you easy to see and hit.
Foes you strike become dangerously contaminated with magical radiation.
You are incapable of wielding weapons or throwing items.
You can spit globs of acid.
Your golden yellow scales are hard. (AC +7)
You cannot fit into any form of body armour.
You are cold-blooded and may be slowed by cold attacks.
You are resistant to acid. (rCorr)


Message History

The gnoll sergeant hits you with a +0 trident!
* * * LOW HITPOINT WARNING * * *
You see here a +0 spear.
You hit the gnoll sergeant but do no damage.
The gnoll sergeant begins to glow.
You tail-slap the gnoll sergeant, but do no damage.
The gnoll hits you but does no damage. The gnoll misses you. x2
The gnoll sergeant hits you with a +0 trident!
* * * LOW HITPOINT WARNING * * *
Okay, then.
Unknown command.
Okay, then.
Unknown command.
Press: ? - help, Shift-Dir - straight line, f - gnoll sergeant
Aim: a gnoll sergeant, wielding a +0 trident, wearing a +0 scale mail and wearing a +2 kite shield (contaminated, 87% to hit)
You spit a glob of acid.
The glob of acid hits the gnoll sergeant!!
The acid corrodes the gnoll sergeant!
The acid splashes onto the gnoll!
The gnoll is splashed with acid.
The acid corrodes the gnoll!
You kill the gnoll sergeant!
Cheibriados appreciates the change of pace.
The gnoll closely misses you. The gnoll hits you with a +0 whip.
* * * LOW HITPOINT WARNING * * *
The gnoll barely misses you.
Unknown command.
Unknown command.
Okay, then.
Unknown command.
You closely miss the gnoll.
The gnoll is moderately wounded.
The gnoll hits you with a +0 whip.
* * * LOW HITPOINT WARNING * * *
The gnoll closely misses you. The gnoll barely misses you.
Unknown command.
You closely miss the gnoll.
Your tail-slap misses the gnoll.
The gnoll is moderately wounded.
The gnoll misses you. The gnoll hits you with a +0 whip.
* * * LOW HITPOINT WARNING * * *
The gnoll hits you with a +0 spear.
You die...

#... #.. . #...# ##.#
.. #....# #..# ...
##..... ##..# ....
#......##...# .....
........#..>###.....>
.............>.......
=.....gg..(######...#
...!...p).## #
......)g.##
..........#
.....###..# .....
##.. .... ..# ... #..
... ...


You could see 3 gnolls.

Vanquished Creatures
  A hornet (D:4)
  Menkaure (D:5)
  2 black bears
  An ice beast (D:6)
  An ogre (D:4)
  2 centaurs
  An orc warrior (D:6)
  A phantom (D:6)
  3 scorpions
  A gnoll sergeant (D:7)
  7 wights
  4 howler monkeys
  2 hounds
  2 jellies
  2 bombardier beetles
  3 orc priests
  A sleepcap (D:5)
  2 iguanas (D:5)
  6 orc wizards
  8 gnolls
  3 adders
  A shadow imp (D:4)
  3 white imps
  4 ufetubi (D:5)
  2 dart slugs
  A ribbon worm (D:5)
  24 orcs
  A ball python (D:1)
  10 endoplasms
  A giant cockroach (D:1)
  4 goblins
  3 hobgoblins
  5 quokkas
  A bat (D:1)
  4 frilled lizards (D:1)
  8 kobolds
  3 rats
129 creatures vanquished.

Notes
Turn   | Place    | Note
-------+----------+-------------------------------------------
     0 | D:1      | cdecastro the Draconian Shapeshifter began the quest for
                  | the Orb.
     0 | D:1      | Reached XP level 1. HP: 16/16 MP: 1/1
   135 | D:1      | Found Dotsull's Antique Armour Emporium.
   154 | D:1      | Reached XP level 2. HP: 22/23 MP: 2/2
   635 | D:2      | Reached XP level 3. HP: 20/28 MP: 3/3
   704 | D:2      | Found a glowing silver altar of Zin.
   869 | D:2      | Reached skill level 4 in Unarmed Combat
  1306 | D:2      | Reached XP level 4. HP: 33/35 MP: 4/4
  1356 | D:3      | Found a snail-covered altar of Cheibriados.
  1743 | D:3      | Reached skill level 5 in Unarmed Combat
  1754 | D:3      | Found a bloodstained altar of Trog.
  1906 | D:3      | Found a glowing silver altar of Zin.
  2129 | D:3      | Became a worshipper of Cheibriados the Contemplative
  2211 | D:4      | Noticed a scorpion
  2221 | D:4      | Killed a scorpion
  2222 | D:4      | Reached XP level 5. HP: 40/40 MP: 5/5
  2354 | D:4      | Noticed a hornet
  2367 | D:4      | Killed a hornet
  2368 | D:4      | Reached skill level 6 in Unarmed Combat
  2368 | D:4      | Reached XP level 6. HP: 47/47 MP: 6/6
  2579 | D:4      | Your scales start taking on a golden yellow colour.
  2579 | D:4      | Reached XP level 7. HP: 44/52 MP: 7/7
  2579 | D:4      | Gained mutation: You are resistant to acid. (rCorr) [Yellow
                  | Draconian growth]
  2584 | D:4      | Reached * piety under Cheibriados
  2842 | D:4      | Reached skill level 7 in Unarmed Combat
  2842 | D:4      | Reached skill level 5 in Shapeshifting
  2853 | D:4      | Found a staircase to the Ecumenical Temple.
  3077 | D:5      | Entered Level 5 of the Dungeon
  3438 | D:5      | Reached skill level 8 in Unarmed Combat
  3515 | D:5      | Noticed Menkaure
  3737 | D:5      | Killed Menkaure
  3738 | D:5      | Reached XP level 8. HP: 59/59 MP: 8/8
  4174 | D:5      | Found Obixoifi's Antique Weapon Shoppe.
  4530 | D:6      | Reached skill level 9 in Unarmed Combat
  4546 | D:6      | Reached ** piety under Cheibriados
  4603 | D:6      | Identified the ring of Dimohiar {Fire Dex+3 Stlth+}
  4769 | D:6      | HP: 2/55 [wight/+2 battleaxe (3)]
  4771 | D:6      | Reached skill level 10 in Unarmed Combat
  5004 | D:6      | Reached XP level 9. HP: 53/62 MP: 9/9
  5112 | D:6      | You fall into a shaft and drop 3 floors!
  5142 | D:9      | Found an opulent altar of Gozag.
  5439 | D:8      | Reached *** piety under Cheibriados
  5607 | D:7      | HP: 3/64 [gnoll/+0 whip[a gnoll sergeant] (2)]
  5608 | D:7      | HP: 1/64 [gnoll/+0 whip[a gnoll sergeant] (2)]
  5609 | D:7      | Slain by a gnoll

Illustrated notes

Levels and vault maps discovered:
D:1:      saegor_arrival_simple_b, layout_rooms, serial_shops, shop_fountains
D:2:      layout_loops_ring, serial_rivers, chequers_serial_rivers_large_a,
          chequers_serial_rivers_room_a, chequers_serial_rivers_micro_e,
          chequers_serial_rivers_micro_e, chequers_serial_rivers_marsh,
          basic_altar
D:3:      layout_rooms, overflow_temple_1_default,
          mainiacjoe_overflow_tiny_flanked, trog_three_pillars_becter,
          minivault_4, palyth_stone_intersect
D:4:      layout_basic, minmay_temple_entry_glassed_door
D:5:      layout_rooms, nicolae_take_the_stairs, minmay_tree_intersection,
          uniq_menkaure
D:6:      nicolae_cairo_tiling, layout_loops_ring
D:7:      layout_layer_cave
D:8:      layout_gridville, nicolae_hepliaklqana_hazy_memory,
          chequers_temple_overflow_statue_of_worship
D:9:      layout_loops_cross, jmf_multi_god_temple2, mainiacjoe_overflow_paths,
          guppyfry_early_elven_hall, uniq_maurice

Skill      XL: |  1  2  3  4  5  6  7  8  9 |
---------------+----------------------------+-----
Unarmed Combat | 4 5 6 8 10 | 10.7
Shapeshifting  | 4 5 6 7 |  7.3
Fighting       | |  1.1
Dodging        | |  1.7

Action                     |  1- 3 |  4- 6 |  7- 9 || total
---------------------------+-------+-------+-------++-------
  Melee: Unarmed           |    66 |   100 |   207 ||   373
         Tailslap          |     6 |     7 |    33 ||    46
         Punch             |     2 |     2 |     9 ||    13
Ability: Breathe Acid      |       |       |     4 ||     4
    Use: Potion            |       |     1 |     1 ||     2
   Stab: Sleeping          |     1 |     1 |     1 ||     3
 Armour: Skin              |    26 |    48 |   137 ||   211
  Dodge: Dodged            |    35 |    40 |   183 ||   258
   Form: Flux              |       |       |     1 ||     1
